 Dungeon Crawl Stone Soup version 0.27-a0-1186-g8b4daa1eef (webtiles) character file.

Game seed: 15289260555272662455

63 Snikeer the Chiller (level 4, 0/32 HPs)
             Began as a Gnoll Ice Elementalist on May 19, 2021.
             Slain by a shadow imp (2 damage)
             ... summoned by Natasha
             ... on level 2 of the Dungeon.
             The game lasted 00:02:39 (1363 turns).

Snikeer the Chiller (Gnoll Ice Elementalist)        Turns: 1363, Time: 00:02:40

Health: 0/32       AC:  9    Str:  7    XL:     4   Next: 9%
Magic:  2/11       EV: 13    Int: 16    God:
Gold:   60         SH:  0    Dex: 12    Spells: 6/13 levels left

rFire    . . .     SeeInvis .   d - +0 dagger
rCold    . . .     Faith    .   (no shield)
rNeg     . . .     Spirit   .   a - +0 robe
rPois    .         Reflect  .   (no helmet)
rElec    .         Harm     .   (no cloak)
rCorr    .         Rampage  .   (no gloves)
Will     .....                  (no boots)
Stlth    ++........             (no amulet)
HPRegen  0.10/turn              (no ring)
MPRegen  0.12/turn              (no ring)

@: ice-armoured
A: fangs 1, strong nose, distributed training
a: no special abilities


You were on level 2 of the Dungeon.
You visited 1 branch of the dungeon, and saw 2 of its levels.

You collected 60 gold pieces.

Inventory:

Hand Weapons
 d - a +0 dagger (weapon)
   (You took it off a goblin on level 1 of the Dungeon)
Missiles
 b - 24 sling bullets
 c - 34 bolts
 f - a throwing net (quivered) {!d}
 s - a stone
Armour
 a - a +0 robe (worn)
Scrolls
 e - 3 scrolls of identify {unknown}
 g - a scroll of blinking {unknown}
 i - a scroll of teleportation {unknown}
 j - a scroll of amnesia {unknown}
Potions
 h - a potion of brilliance {unknown}


   Skills:
 + Level 1.0 Fighting
 + Level 1.0 Short Blades
 + Level 1.0 Long Blades
 + Level 1.0 Axes
 + Level 1.0 Maces & Flails
 + Level 1.0 Polearms
 + Level 1.0 Staves
 + Level 1.0 Slings
 + Level 1.0 Bows
 + Level 1.0 Crossbows
 + Level 1.0 Throwing
 + Level 1.0 Armour
 + Level 4.6 Dodging
 + Level 4.2 Stealth
 + Level 1.0 Shields
 + Level 1.0 Unarmed Combat
 + Level 5.0 Spellcasting
 + Level 0.8 Conjurations
 + Level 0.8 Hexes
 + Level 0.8 Summonings
 + Level 0.8 Necromancy
 + Level 0.8 Translocations
 + Level 0.8 Transmutations
 + Level 0.8 Fire Magic
 + Level 7.1 Ice Magic
 + Level 0.8 Air Magic
 + Level 0.8 Earth Magic
 + Level 0.8 Poison Magic
 + Level 1.1 Invocations
 + Level 1.0 Evocations


You had 6 spell levels left.
You knew the following spells:

 Your Spells              Type           Power      Damage    Failure   Level
a - Freeze                Ice            100%       1d11      1%          1
b - Frozen Ramparts       Ice            52%        1d7       2%          3
A - Ozocubu's Armour      Ice            26%        N/A       2%          3

Your spell library contained the following spells:

 Spells                   Type           Power      Damage    Failure   Level
 Magic Dart               Conj           24%        1d4       11%         1
 Searing Ray              Conj           12%        3d3       16%         2
 Hailstorm                Conj/Ice       16%        3d6       28%         4
 Dazzling Flash           Conj/Hex       12%        N/A       32%         3
 Metabolic Englaciation   Hex/Ice        8%         N/A       63%         5
 Fulminant Prism          Conj/Hex       3%         3d6       71%         4
 Iskenderun's Mystic Bla  Conj/Tloc      6%         2d4       71%         4


Dungeon Overview and Level Annotations

Branches:
Dungeon (2/15)

Altars:

Annotations:
D:2 Natasha


Innate Abilities, Weirdness & Mutations

You have very sharp teeth.
Your uncanny sense of smell can sniff out nearby items.
Your experience applies equally to all skills.


Message History

You freeze Natasha. Natasha claws you but does no damage.
The wall freezes the ball python.
The wall freezes the goblin.
You now have 2/9 mp.
Casting: Freeze (safe; 1% risk of failure)
Confirm with . or Enter, or press ? or * to list all spells.
Aiming: Freeze (safe; 1% risk of failure)
Press: ? - help, Shift-Dir - straight line, f/p - Natasha
Aim: Natasha (severely wounded)
You freeze Natasha!
Moaning pathetically, Natasha's spirit plunges into the ground.
The wall freezes the kobold.
Your Fighting skill increases to level 1!
Your Short Blades skill increases to level 1!
Your Long Blades skill increases to level 1!
Your Axes skill increases to level 1!
Your Maces & Flails skill increases to level 1!
Your Polearms skill increases to level 1!
Your Staves skill increases to level 1!
Your Slings skill increases to level 1!
Your Bows skill increases to level 1!
Your Crossbows skill increases to level 1!
Your Throwing skill increases to level 1!
Your Armour skill increases to level 1!
Your Shields skill increases to level 1!
Your Unarmed Combat skill increases to level 1!
Your Invocations skill increases to level 1!
Your Evocations skill increases to level 1!
You have reached level 4!
You feel clever.
Health restored: 32 You now have 1/11 mp.
The frozen ramparts melt away.
Natasha, Servant of Life and Death comes into view.
You regained 3 mp, and now have 4/11 mp.
Your icy armour will break if you move.
Continue? [Y]es or [N]o only, please.
Your icy armour will break if you move.
Continue?
Your icy armour cracks and falls away as you move.
Natasha hisses angrily.
Natasha casts a spell at you. The magic dart hits you!
You see here a +0 dagger.
You take 8 damage, and have 24/32 hp.
MASSIVE DAMAGE!!
A jelly comes into view.
Natasha mumbles some strange words.
Natasha's front paws start to glow.
You see here a ball python corpse.
Natasha mumbles some strange words.
You see here a +0 dagger.
Natasha mumbles some strange words.
Casting: Freeze (safe; 1% risk of failure)
Confirm with . or Enter, or press ? or * to list all spells.
A film of ice covers your body!
Natasha extends her claws.
The crimson imp hits you but does no damage.
You now have 1/11 mp.
You hit Natasha but do no damage.
You feel yourself speed up. Natasha claws you but does no damage.
The crimson imp blinks!
Natasha mumbles some strange words.
You hit Natasha but do no damage. Natasha claws you but does no damage.
You hit Natasha. The crimson imp barely misses you. Natasha misses you.
You hit Natasha but do no damage. Your bite misses Natasha.
The crimson imp closely misses you. The shadow imp gestures at you.
Pain shoots through your body! Natasha misses you.
You take 14 damage, and have 11/32 hp.
MASSIVE DAMAGE!!
You hit Natasha. The crimson imp hits you.
The shadow imp hits you but does no damage.
You take 1 damage, and have 10/32 hp.
You hit Natasha. Natasha misses you. The crimson imp barely misses you.
You hit Natasha.
Natasha stares at you and mumbles some strange words.
The magic dart hits you.
* * * LOW HITPOINT WARNING * * *
The crimson imp hits you but does no damage.
You take 6 damage, and have 4/32 hp.
You barely miss Natasha. Natasha barely misses you.
The crimson imp closely misses you.
You closely miss Natasha. The crimson imp barely misses you.
Natasha completely misses you. The crimson imp hits you.
* * * LOW HITPOINT WARNING * * *
You take 2 damage, and have 2/32 hp.
You hit Natasha but do no damage. The crimson imp closely misses you.
Natasha claws you but does no damage.
The crimson imp blinks!
You barely miss Natasha.
The crimson imp disappears in a puff of smoke!
Natasha claws you.
* * * LOW HITPOINT WARNING * * *
The crimson imp puffs mist at you.
You take 1 damage, and have 2/32 hp.
You hit Natasha. Natasha barely misses you.
You barely miss Natasha.
The shadow imp hits you but does no damage.
Natasha misses you.
Casting: Ozocubu's Armour (dangerous; 2% risk of failure)
Confirm with . or Enter, or press ? or * to list all spells.
Aiming: Freeze (safe; 1% risk of failure)
Press: ? - help, Shift-Dir - straight line, f - shadow imp
Aim: a shadow imp (purple smoke, summoned)
You freeze the shadow imp.
The shadow imp resists.
The shadow imp hits you.
You die...

#...†.>............
#........###.......
##...#...# #.......
#...##### #.......
#...######........
#........#........
#........# ....
#5h......#
#@.......#
#).(5....#
#†.......#
......)..........
.................
.................
.........#.......
..............#.
..J..#...######


You could see Natasha, a crimson imp (summoned) and a shadow imp (summoned).

Vanquished Creatures
  Natasha (D:2)
  A dart slug (D:1)
  4 ball pythons
  3 bats (D:1)
  2 endoplasms (D:1)
  4 giant cockroaches
  2 goblins
  2 hobgoblins
  3 quokkas (D:1)
  3 frilled lizards (D:1)
  6 kobolds
  2 rats
33 creatures vanquished.

Notes
Turn   | Place    | Note
-------+----------+-------------------------------------------
     0 | D:1      | Snikeer the Gnoll Ice Elementalist began the quest for the
                  | Orb.
     0 | D:1      | Reached XP level 1. HP: 13/13 MP: 6/6
   205 | D:1      | Reached XP level 2. HP: 14/20 MP: 4/7
   691 | D:1      | Reached XP level 3. HP: 22/25 MP: 6/9
   748 | D:1      | Reached skill level 5 in Spellcasting
  1094 | D:1      | Learned a level 3 spell: Frozen Ramparts
  1098 | D:1      | Learned a level 3 spell: Ozocubu's Armour
  1323 | D:2      | Noticed Natasha
  1331 | D:2      | Killed Natasha
  1332 | D:2      | Reached skill level 1 in Fighting
  1332 | D:2      | Reached skill level 1 in Short Blades
  1332 | D:2      | Reached skill level 1 in Long Blades
  1332 | D:2      | Reached skill level 1 in Axes
  1332 | D:2      | Reached skill level 1 in Maces & Flails
  1332 | D:2      | Reached skill level 1 in Polearms
  1332 | D:2      | Reached skill level 1 in Staves
  1332 | D:2      | Reached skill level 1 in Slings
  1332 | D:2      | Reached skill level 1 in Bows
  1332 | D:2      | Reached skill level 1 in Crossbows
  1332 | D:2      | Reached skill level 1 in Throwing
  1332 | D:2      | Reached skill level 1 in Armour
  1332 | D:2      | Reached skill level 1 in Shields
  1332 | D:2      | Reached skill level 1 in Unarmed Combat
  1332 | D:2      | Reached skill level 1 in Invocations
  1332 | D:2      | Reached skill level 1 in Evocations
  1332 | D:2      | Reached XP level 4. HP: 32/32 MP: 1/11
  1344 | D:2      | Noticed Natasha
  1356 | D:2      | HP: 4/32 [Natasha/magic dart (6)]
  1363 | D:2      | Slain by a shadow imp

Illustrated notes

Levels and vault maps discovered:
D:1:      lightli_arrival_noodles, layout_loops_cross, chequers_mini_garden,
          minmay_pentomino_u2
D:2:      wad_river_or_something, layout_basic,
          shapermc_ecumenical_altar_flowoftime, uniq_jessica, uniq_natasha,
          uniq_terence

Skill      XL: |  1  2  3 |
---------------+----------+-----
Spellcasting   | 5 |  5.0
Fighting       | 1 |  1.0
Short Blades   | 1 |  1.0
Long Blades    | 1 |  1.0
Axes           | 1 |  1.0
Maces & Flails | 1 |  1.0
Polearms       | 1 |  1.0
Staves         | 1 |  1.0
Slings         | 1 |  1.0
Bows           | 1 |  1.0
Crossbows      | 1 |  1.0
Throwing       | 1 |  1.0
Armour         | 1 |  1.0
Shields        | 1 |  1.0
Unarmed Combat | 1 |  1.0
Invocations    | 1 |  1.1
Evocations     | 1 |  1.0
Dodging        | |  4.6
Stealth        | |  4.2
Conjurations   | |  0.8
Hexes          | |  0.8
Summonings     | |  0.8
Necromancy     | |  0.8
Translocations | |  0.8
Transmutations | |  0.8
Fire Magic     | |  0.8
Ice Magic      | |  7.1
Air Magic      | |  0.8
Earth Magic    | |  0.8
Poison Magic   | |  0.8

Action                   |  1- 3 |  4- 6 || total
-------------------------+-------+-------++-------
Melee: Dagger            |    27 |    13 ||    40
       Bite              |     4 |       ||     4
       Unarmed           |     1 |       ||     1
 Cast: Freeze            |    34 |     1 ||    35
       Ozocubu's Armour  |     1 |     1 ||     2
       Frozen Ramparts   |     1 |       ||     1
 Stab: Sleeping          |     5 |       ||     5
Armor: Robe              |     9 |     7 ||    16
Dodge: Dodged            |    32 |    13 ||    45

Table legend: (Time is in decaauts)
 A = Elapsed time spent in this place.
 B = Non-inter-level travel time spent in this place.
 C = Inter-level travel time spent in this place.
 D = Time resting spent in this place.
 E = Time spent auto-exploring this place.
 F = Levels seen in this place.
 G = Mean time per level.
                   A        B        C        D        E       F      G
               +--------+--------+--------+--------+--------+-----+--------+
         Total |   1373 |   1264 |    109 |      0 |   1049 |   2 |  686.5 |
       Dungeon |   1373 |   1264 |    109 |      0 |   1049 |   2 |  686.5 |
               +--------+--------+--------+--------+--------+-----+--------+

Top non-repeatable levels by time:
     D:1: 1167 daAuts
     D:2: 206 daAuts

Table legend:
 A = Kills in this place as a percentage of kills in entire the game.
 B = Kills by you in this place as a percentage of kills by you in the entire game.
 C = Kills by friends in this place as a percentage of kills by friends in the entire game.
 D = Other kills in this place as a percentage of other kills in the entire game.
 E = Experience gained in this place as a percentage of experience gained in the entire game.
 F = Experience gained in this place divided by the number of levels of this place that you have seen.
                   A       B       C       D       E      F
               +-------+-------+-------+-------+-------+----------------------
         Total | 100.0 | 100.0 |   N/A |   N/A | 100.0 |  45.0
       Dungeon | 100.0 | 100.0 |   N/A |   N/A | 100.0 |  45.0
               +-------+-------+-------+-------+-------+----------------------
